Map: [ESL] Oceanborn

Players

Rob - Winner!

  • Race: Protoss Protoss
  • Spawn Location: 11:00

Zain

  • Race: Protoss Protoss
  • Spawn Location: 5:00

Event: ESL SC2 Masters 2023 Winter (Finals)

VOD

Have the link to the VOD?

Description

Time

  • Played on: Dec. 15, 2023, 3 p.m.
  • Length: 11:56

All games in this series

Show
View Real Time Build Order
Export as new Build Order

Rob Protoss - Winner!

Build Orders:  

Get SALT Encoding   

  12  0:00  Probe  
  13  0:12  Probe  
  14  0:24  Probe  
  15  0:40  Pylon  
  15  0:58  Gateway  
  15  0:59  Gateway  
  15  1:00  Forge  
  15  1:08  Pylon  
  15  1:12  Pylon  
  15  1:14  Pylon  
  15  1:19  Probe  
  16  1:33  Photon Cannon  
  16  1:40  Probe  
  16  1:50  Zealot x2 (Chrono Boost), Pylon  
  16  1:52  Probe  
  21  1:58  Assimilator  
  21  2:02  Assimilator  
  21  2:04  Probe (Chrono Boost)  
  22  2:12  Cybernetics Core  
  22  2:16  Probe (Chrono Boost)  
  23  2:24  Probe (Chrono Boost)  
  24  2:30  Probe  
  24  2:34  Pylon  
  26  2:48  Stalker  
  26  2:49  Stalker  
  29  2:52  Probe  
  30  3:06  Probe  
  30  3:10  Shield Battery  
  30  3:18  Probe  
  31  3:31  Probe  
  32  3:42  Stalker x2  
  32  3:43  Probe  
  35  3:55  Probe  
  34  4:05  Stargate  
  34  4:08  Shield Battery  
  32  4:10  Warp Gate  
  32  4:12  Stalker  
  36  4:27  Shield Battery  
  36  4:42  Pylon  
  36  4:52  Void Ray (Chrono Boost)  
  35  5:00  Pylon  
  35  5:01  Pylon  
  35  5:07  Shield Battery  
  34  5:09  Shield Battery  
  34  5:24  Photon Cannon  
  34  5:25  Void Ray (Chrono Boost)  
  38  5:46  Probe  
  39  5:53  Shield Battery  
  43  5:58  Sentry  
  43  5:59  Stalker  
  43  6:01  Void Ray (Chrono Boost)  
  47  6:25  Stalker  
  49  6:32  Shield Battery  
  49  6:35  Shield Battery  
  49  6:36  Pylon  
  49  6:39  Void Ray (Chrono Boost)  
  51  6:54  Shield Battery  
  51  6:56  Shield Battery  
  51  6:59  Sentry  
  57  7:17  Void Ray  
  57  7:18  Stalker  
  51  7:32  Probe  
  52  7:47  Shield Battery  
  56  8:15  Void Ray (Chrono Boost)  
  56  8:23  Zealot  
  56  8:24  Zealot  
  60  8:35  Pylon  
  64  8:56  Void Ray (Chrono Boost)  
  58  9:03  Zealot x2  
  55  9:23  Stalker  
  42  9:55  Probe  
  41  10:07  Probe  
  38  10:12  Zealot x2  
  40  10:19  Probe  
  39  10:31  Probe  
  36  10:43  Probe (Chrono Boost)  
  25  11:49  Assimilator  
Show
View Real Time Build Order
Export as new Build Order

Zain Protoss 

Build Orders:  

Get SALT Encoding   

  12  0:00  Probe  
  13  0:12  Probe  
  14  0:17  Pylon  
  14  0:24  Probe (Chrono Boost)  
  15  0:36  Gateway, Probe (Chrono Boost)  
  16  0:44  Probe (Chrono Boost)  
  16  0:45  Assimilator  
  17  0:50  Probe  
  17  0:54  Assimilator  
  18  1:03  Probe  
  19  1:07  Forge  
  19  1:14  Pylon  
  19  1:21  Zealot (Chrono Boost)  
  21  1:39  Photon Cannon  
  21  1:56  Cybernetics Core  
  21  1:59  Probe  
  22  2:06  Assimilator  
  23  2:19  Pylon  
  22  2:25  Probe  
  22  2:29  Adept (Chrono Boost)  
  23  2:33  Warp Gate  
  25  2:37  Robotics Facility  
  25  2:38  Probe  
  26  2:50  Probe  
  26  2:51  Pylon  
  27  2:57  Adept  
  29  3:02  Probe  
  30  3:14  Probe  
  31  3:20  Pylon  
  30  3:37  Stalker (Chrono Boost)  
  29  4:00  Stalker  
  30  4:03  Probe  
  30  4:09  Immortal (Chrono Boost)  
  33  4:26  Gateway  
  33  4:33  Pylon  
  33  4:37  Sentry  
  35  4:45  Immortal (Chrono Boost)  
  39  4:46  Pylon  
  37  5:03  Gateway  
  37  5:07  Stalker  
  37  5:08  Shield Battery  
  39  5:20  Stalker  
  41  5:28  Stalker  
  39  5:44  Stalker x2  
  41  5:53  Warp Prism  
  43  5:59  Sentry  
  45  6:11  Shield Battery  
  45  6:15  Pylon  
  45  6:28  Stalker x2  
  47  6:34  Sentry  
  49  6:51  Stalker  
  49  6:52  Stalker  
  53  6:56  Pylon  
  53  7:04  Stalker  
  55  7:25  Stalker  
  57  7:50  Stalker x2  
  61  8:03  Gateway  
  61  8:15  Twilight Council  
  61  8:17  Stalker  
  63  8:20  Pylon  
  63  8:36  Pylon  
  59  8:48  Stalker x2  
  63  8:55  Shield Battery  
  63  8:59  Stalker  
  59  9:14  Stalker x2  
  61  9:22  Stalker  
  61  9:33  Dark Shrine  
  55  9:40  Stalker  
  47  9:47  Sentry x2  
  47  10:04  Stalker  
  49  10:13  Stalker  
  49  10:23  Pylon  
  49  10:28  Stalker  
  47  10:46  Dark Templar  
  35  10:51  Dark Templar x2  
Tags
 
Add a new tag
Caveats
  • Supply blocks, unpowered buildings, or Contaminate may cause inaccurate times.
  • Supply counts are checked every 10 seconds.